 Dungeon Crawl Stone Soup version 0.30-a0-23-ge60ba3568b (webtiles) character file.

Game seed: 8797962892951159992

35 SensoryNuts the Chopper (level 3, -1/33 HPs)
             Began as a Hill Orc Monk on Aug 24, 2022.
             Slain by Terence
             ... wielding a +0 mace
              (4 damage)
             ... on level 1 of the Dungeon.
             The game lasted 00:01:23 (1113 turns).

SensoryNuts the Chopper (Hill Orc Monk)             Turns: 1113, Time: 00:01:24

Health: -1/33      AC:  3    Str: 15    XL:     3   Next: 33%
Magic:  3/3        EV: 12    Int: 10    God:
Gold:   36         SH:  0    Dex: 13    Spells: 2/2 levels left

rFire   . . .      SeeInvis .    a - +0 hand axe
rCold   . . .      Faith    .    (no shield)
rNeg    . . .      Spirit   .    b - +1 robe
rPois   .          Reflect  .    (no helmet)
rElec   .          Harm     .    (no cloak)
rCorr   .          Rampage  .    (no gloves)
Will    .....                    (no boots)
Stlth   ++........               (no amulet)
HPRegen 0.11/turn                (no ring)
MPRegen 0.08/turn                (no ring)

@: mighty
A: no striking features
a: no special abilities


You were on level 1 of the Dungeon.
You visited 1 branch of the dungeon, and saw 2 of its levels.

You collected 36 gold pieces.

Inventory:

Hand Weapons
 a - a +0 hand axe (weapon)
Armour
 b - a +1 robe (worn)
Potions
 g - a potion of mutation {unknown}
 h - a potion of heal wounds {unknown}


   Skills:
 + Level 4.0 Fighting
 * Level 5.0 Axes
 + Level 2.7 Dodging
 + Level 1.7 Stealth


You had 2 spell levels left.
You didn't know any spells.
Your spell library was empty.

Dungeon Overview and Level Annotations

Branches:
Dungeon (2/15)

Altars:

Annotations:
D:1 Terence


Message History

Terence is lightly wounded.
Terence hits you with a +0 mace!
You barely miss Terence.
Terence is lightly wounded.
Terence completely misses you.
You hit Terence. You punch Terence, but do no damage.
Terence is moderately wounded.
Terence closely misses you.
You hit Terence but do no damage.
Terence is moderately wounded.
Terence says, "How do you enjoy it?" Terence barely misses you.
You hit Terence.
Terence is moderately wounded.
Terence asks, "Do you want it fast or slow?"
Terence hits you with a +0 mace.
You hit Terence but do no damage.
Terence is moderately wounded.
Terence shouts, "ATTACK!!!"
Terence closely misses you.
You hit Terence but do no damage.
Terence is moderately wounded.
Terence hits you but does no damage.
You hit Terence but do no damage.
Terence is moderately wounded.
Terence hits you with a +0 mace. x2
You closely miss Terence.
Terence is moderately wounded.
Terence barely misses you.
It was a potion of might.
You feel very mighty all of a sudden. Terence hits you with a +0 mace!
* * * LOW HITPOINT WARNING * * *
You hit Terence.
Terence is severely wounded.
Terence closely misses you.
You completely miss Terence.
Terence is severely wounded.
Terence hits you with a +0 mace.
You die...

##'## #......#.#
##.##### #......#.#
#######......#
#>.....#.#
.....(...###.#
#.....##.#
######....##.#
#.....##.# #.....#.#
###@.....# #....##.#
#.######
##..###.######.#
#.........@@..#
#..###.########
#......# ##.##### #.#
######.# ##...##.#
#####
#.###.#.#####...#####
#.# #..............>#


You could see Terence.

Vanquished Creatures
  An adder (D:1)
  2 dart slugs (D:1)
  2 ball pythons
  4 bats (D:1)
  2 giant cockroaches (D:1)
  3 goblins (D:1)
  2 hobgoblins (D:1)
  A quokka (D:2)
  A frilled lizard (D:1)
  2 rats (D:1)
20 creatures vanquished.

Notes
Turn   | Place    | Note
-------+----------+-------------------------------------------
     0 | D:1      | SensoryNuts the Hill Orc Monk began the quest for the Orb.
     0 | D:1      | Reached XP level 1. HP: 19/19 MP: 1/1
     4 | D:1      | Found a faded altar of an unknown god.
   268 | D:1      | Reached XP level 2. HP: 24/27 MP: 2/2
  1059 | D:2      | Reached XP level 3. HP: 33/33 MP: 3/3
  1059 | D:2      | Noticed Terence
  1101 | D:1      | Reached skill level 5 in Axes
  1113 | D:1      | Slain by Terence

Illustrated notes

Levels and vault maps discovered:
D:1:      dreamdust_arrival_beginning_and_end, layout_loops_corners,
          ebering_ecumenical_altar_sacrificial, feat_on_display
D:2:      layout_rooms, basic_altar, chequers_serial_rivers_micro_e,
          uniq_terence, uniq_sigmund

Skill      XL: |  1  2  3 |
---------------+----------+-----
Fighting       | 4 |  4.0
Axes           | 5 |  5.0
Dodging        | |  2.7
Stealth        | |  1.7

Action                   || total
-------------------------++-------
Melee: Hand axe          ||    81
       Punch             ||     1
  Use: Scroll            ||     3
       Potion            ||     3
 Stab: Sleeping          ||     3
Armor: Robe              ||    24
Dodge: Dodged            ||    81

Table legend: (Time is in decaauts)
 A = Elapsed time spent in this place.
 B = Non-inter-level travel time spent in this place.
 C = Inter-level travel time spent in this place.
 D = Time resting spent in this place.
 E = Time spent auto-exploring this place.
 F = Levels seen in this place.
 G = Mean time per level.
                   A        B        C        D        E       F      G
               +--------+--------+--------+--------+--------+-----+--------+
         Total |   1119 |   1119 |      0 |      0 |    908 |   2 |  559.5 |
       Dungeon |   1119 |   1119 |      0 |      0 |    908 |   2 |  559.5 |
               +--------+--------+--------+--------+--------+-----+--------+

Top non-repeatable levels by time:
     D:1: 1087 daAuts
     D:2: 31 daAuts
